 Dungeon Crawl Stone Soup version 0.19.0-11-g3fc08b3 (webtiles) character file.

1406 mopl the Reanimator (level 8, 0/52 HPs)
             Began as a Mummy Necromancer on Nov 8, 2016.
             Was a Priest of Yredelemnul.
             Slain by a centaur (5 damage)
             ... on level 6 of the Dungeon.
             The game lasted 00:12:42 (5551 turns).

mopl the Reanimator (Mummy Necromancer)             Turns: 5551, Time: 00:12:43

Health: 0/52       AC:  2    Str:  9    XL:     8   Next: 42%
Magic:  16/16      EV: 12    Int: 17    God:    Yredelemnul [***...]
Gold:   268        SH:  0    Dex: 12    Spells: 4 memorised, 9 levels left

rFire  . . .     SeeInvis .     a - +1 dagger (drain)
rCold  . . .     Gourm    .     c - +0 robe
rNeg   + + +     Faith    .     (no shield)
rPois  ∞         Spirit   .     (no helmet)
rElec  .         Reflect  .     (no cloak)
rCorr  .         Harm     .     (no gloves)
MR     +....                    (no boots)
Stlth  ++........               (no amulet)
                                q - ring of fire
                                u - -2 ring of strength (curse)

@: no status effects
A: no food or potions, fire vulnerability, cold resistance 1, negative energy
resistance 3, torment resistance, unbreathing
a: Recall Undead Slaves, Injury Mirror, Animate Dead, Renounce Religion


You were on level 6 of the Dungeon.
You worshipped Yredelemnul.
Yredelemnul was most pleased with you.
You were not hungry.

You visited 1 branch of the dungeon, and saw 6 of its levels.
You also visited: Sewer.

You collected 268 gold pieces.

Inventory:

Hand Weapons
 a - a +1 dagger of draining (weapon)
 m - a +0 halberd
 t - a +0 trident
Missiles
 w - 20 poisoned needles
Armour
 c - a +0 robe (worn)
 d - a +0 buckler
Jewellery
 k - an uncursed ring of resist corrosion
 l - an uncursed ring of protection from magic
 q - a ring of fire (right hand)
 u - a cursed -2 ring of strength (left hand)
 v - a cursed ring of fire
Scrolls
 e - a scroll of amnesia
 f - a scroll of recharging
 g - a scroll of magic mapping
 h - a scroll of teleportation
 j - 2 scrolls of random uselessness {unknown}
 n - 3 scrolls of remove curse
 p - a scroll of enchant weapon
 r - a scroll of enchant armour
Books
 b - a book of Necromancy

   Spells                             Type                      Level
   a - Pain                           Necromancy                   1
   b - Animate Skeleton               Necromancy                   1
   c - Vampiric Draining              Necromancy                   3
   d - Regeneration                   Charms/Necromancy            3
   e - Animate Dead                   Necromancy                   4
   f - Control Undead                 Necromancy                   4
 o - a book of Cantrips

   Spells                             Type                      Level
   a - Confusing Touch                Hexes                        1
   b - Animate Skeleton               Necromancy                   1
   c - Summon Small Mammal            Summoning                    1
   d - Apportation                    Translocation                1
 s - a book of Conjurations

   Spells                             Type                      Level
   a - Magic Dart                     Conjuration                  1
   b - Searing Ray                    Conjuration                  2
   c - Dazzling Spray                 Conjuration/Hexes            3
   d - Fulminant Prism                Conjuration/Hexes            4
   e - Iskenderun's Mystic Blast      Conjuration                  4
   f - Iskenderun's Battlesphere      Conjuration/Charms           5


   Skills:
 - Level 1.7 Polearms
 - Level 1.5 Dodging
 - Level 1.5 Stealth
 + Level 5.6 Spellcasting
 * Level 9.2 Necromancy


You had 9 spell levels left.
You knew the following spells:

 Your Spells              Type           Power        Failure   Level  Hunger
a - Pain                  Necr           ####         1%          1    N/A
b - Vampiric Draining     Necr           #####.....   1%          3    N/A
x - Animate Skeleton      Necr           N/A          1%          1    N/A
C - Control Undead        Necr           #####.....   3%          4    N/A

Dungeon Overview and Level Annotations

Branches:
Dungeon (6/15)
 Temple: D:4-7

Altars:
Gozag
Okawaru
Xom
Yredelemnul
The Shining One

Shops:
D:4 (

Annotations:
D:4 Pikel, Purgy


Innate Abilities, Weirdness & Mutations

You do not eat or drink.
Your flesh is vulnerable to fire.
You are immune to poison.
Your flesh is cold resistant. (rC+)
You are immune to negative energy. (rN+++)
You are immune to unholy pain and torment.
You can survive without breathing.


Message History

Your surroundings suddenly seem different.
You start resting.
Your magical contamination has completely faded away.
You start resting.
HP restored.
The centaur shouts!
The centaur wields a shortbow.
The centaur shoots an arrow.
The arrow hits you!
You see here an arrow.
The centaur shoots an arrow.
The arrow hits you!
The centaur shoots an arrow.
The arrow hits you.
You see here 2 arrows.
The centaur shoots an arrow.
The arrow misses you.
The centaur shoots an arrow.
The arrow hits you!
* * * LOW HITPOINT WARNING * * *
The centaur unwields an uncursed shortbow.
The centaur hits you!
* * * LOW HITPOINT WARNING * * *
The centaur hits you.
You die...
Yredelemnul claims you as an undead slave.

# #.##.##.# #...#
#..# # #.......#
##.## #%.# #
####.#### ##.## #).%
##########.# ##(..##
##.# ..%........#
##(....########..
############
#(...........#### #
...#####......#####.#
# #...[........# #.#
# ...####@......# #.#
#c......# ###.###
#.##.##.# #.....#
#.##..#.# #.#.#.##
...##.#.# #.#....#
... ...# #.###..#
#.... .. ##......#
..#.. #......... ##
... #.###.#..#


You could see a centaur.

Vanquished Creatures
  A water moccasin (D:5)
  A slave (D:5)
  2 sky beasts (D:6)
  2 ogres
  4 bullfrogs (D:6)
  A howler monkey (D:4)
  2 hounds
  A jelly (D:5)
  Jessica (D:3)
  Natasha (thrice) (D:3)
  2 iguanas
  2 worker ants (D:6)
  4 gnolls
  7 adders
  4 river rats (Sewer)
  A shadow imp (D:6)
  2 oozes
  2 worms
  2 dart slugs
  5 leopard geckos
  4 orcs (D:3)
  4 bats
  2 giant cockroaches
  7 hobgoblins
  3 jackals (D:4)
  5 quokkas
  5 ball pythons
  11 frilled lizards
  8 goblins
  8 kobolds
  10 rats
116 creatures vanquished.

Vanquished Creatures (collateral kills)
  A phantom (D:6)
  A hound (D:6)
  A bullfrog skeleton (D:6)
  3 gnolls (D:6)
  A frilled lizard (D:4)
7 creatures vanquished.

Grand Total: 123 creatures vanquished

Notes
Turn   | Place    | Note
-------+----------+-------------------------------------------
     0 | D:1      | mopl the Mummy Necromancer began the quest for the Orb.
     0 | D:1      | Reached XP level 1. HP: 13/13 MP: 3/3
   278 | D:1      | Learned a level 1 spell: Animate Skeleton
   297 | D:1      | Reached XP level 2. HP: 12/19 MP: 5/5
   786 | D:1      | Reached XP level 3. HP: 19/24 MP: 6/6
   791 | D:1      | Learned a level 3 spell: Vampiric Draining
  1326 | D:2      | Reached skill level 5 in Necromancy
  1368 | D:2      | Reached XP level 4. HP: 23/30 MP: 4/8
  1554 | D:2      | Reached skill level 3 in Spellcasting
  1673 | D:2      | Found a faded altar of an unknown god.
  1693 | D:2      | Became a worshipper of Yredelemnul the Dark
  1693 | D:2      | Reached * piety under Yredelemnul
  1881 | D:3      | Noticed Natasha
  1888 | D:3      | Killed Natasha
  1888 | D:3      | Reached skill level 1 in Polearms
  1952 | D:3      | Reached XP level 5. HP: 23/35 MP: 2/9
  2024 | D:3      | Noticed Natasha
  2025 | D:3      | Learned a level 4 spell: Control Undead
  2035 | D:3      | Killed Natasha
  2494 | D:3      | Noticed Jessica
  2505 | D:3      | Killed Jessica
  2728 | D:3      | Noticed Natasha
  2742 | D:3      | Killed Natasha
  2915 | D:4      | Found Haov Umm's Weapon Shoppe.
  2954 | D:4      | Found an iron altar of Okawaru.
  3007 | D:4      | Noticed Purgy
  3205 | D:5      | Entered Level 5 of the Dungeon
  3215 | D:5      | Reached skill level 6 in Necromancy
  3215 | D:5      | Reached XP level 6. HP: 29/41 MP: 7/11
  3412 | D:5      | Reached ** piety under Yredelemnul
  3419 | D:5      | Found a glowing drain.
  3423 | Sewer    | Entered a sewer
  3822 | D:5      | Reached skill level 4 in Spellcasting
  3835 | D:5      | Found a glowing golden altar of the Shining One.
  3913 | D:5      | Noticed a water moccasin
  3923 | D:5      | Killed a water moccasin
  3923 | D:5      | Reached skill level 7 in Necromancy
  3923 | D:5      | Reached XP level 7. HP: 15/46 MP: 2/13
  4149 | D:5      | Found a shimmering altar of Xom.
  4167 | D:4      | Noticed Pikel
  4250 | D:5      | Found an opulent altar of Gozag.
  4469 | D:6      | Reached skill level 8 in Necromancy
  4708 | D:6      | Reached skill level 5 in Spellcasting
  4905 | D:6      | Reached XP level 8. HP: 48/52 MP: 15/15
  4969 | D:6      | Reached *** piety under Yredelemnul
  5091 | D:6      | Reached skill level 9 in Necromancy
  5215 | D:6      | HP: 2/52 [killer bee zombie (7)]
  5551 | D:6      | Slain by a centaur

Skill      XL: |  1  2  3  4  5  6  7  8 |
---------------+-------------------------+-----
Necromancy     | 5 6 7 8 9 |  9.2
Spellcasting   | 3 4 5 |  5.6
Polearms       | 1 |  1.7
Dodging        | |  1.5
Stealth        | |  1.5

Action                   |  1- 3 |  4- 6 |  7- 9 || total
-------------------------+-------+-------+-------++-------
Melee: Dagger            |    64 |   221 |    89 ||   374
       Halberd           |       |       |     8 ||     8
 Cast: Pain              |    15 |    10 |    17 ||    42
       Animate Skeleton  |     6 |    10 |     7 ||    23
       Vampiric Draining |     4 |    31 |    20 ||    55
  Use: Scroll            |       |     5 |     4 ||     9
 Stab: Sleeping          |     2 |     4 |     1 ||     7
Armor: Robe              |    11 |    27 |     6 ||    44
Dodge: Dodged            |    26 |   151 |    73 ||   250
